Map: Nightshade LE

Players

DrOhBoli - Winner!

  • Race: Protoss Protoss
  • League: Diamond
  • Spawn Location: 5:00

A.I. 1 (Medium)

  • Race: Zerg Zerg
  • Spawn Location: 11:00

VOD

Have the link to the VOD?

Description

Time

  • Played on: April 11, 2020, 10:03 a.m.
  • Length: 6:40
Show
View Real Time Build Order
Export as new Build Order

DrOhBoli Protoss - Winner!

Build Orders: 1 Gate Expand, Dark Templar Rush 

Get SALT Encoding   

  12  0:01  Probe  
  13  0:13  Probe  
  14  0:19  Pylon  
  14  0:25  Probe  
  15  0:38  Probe (Chrono Boost)  
  16  0:45  Assimilator, Gateway  
  17  0:50  Probe (Chrono Boost)  
  17  0:57  Probe (Chrono Boost)  
  18  1:04  Probe  
  19  1:16  Probe  
  20  1:29  Nexus  
  20  1:38  Cybernetics Core  
  20  1:44  Assimilator  
  20  1:46  Probe  
  21  1:56  Pylon  
  21  2:03  Probe (Chrono Boost)  
  22  2:13  Stalker (Chrono Boost)  
  22  2:15  Probe (Chrono Boost)  
  23  2:16  Warp Gate  
  23  2:21  Probe (Chrono Boost)  
  26  2:28  Twilight Council  
  26  2:29  Probe  
  26  2:35  Adept  
  29  2:41  Probe  
  30  2:46  Probe  
  30  2:51  Gateway  
  31  2:59  Resonating Glaives (Chrono Boost)  
  31  3:04  Gateway  
  31  3:10  Adept  
  33  3:15  Probe x2  
  35  3:27  Probe x2  
  35  3:32  Pylon  
  37  3:35  Pylon  
  37  3:40  Probe x2  
  39  3:52  Dark Shrine  
  39  3:53  Probe x2  
  41  4:04  Adept x3  
  47  4:12  Probe x2  
  47  4:13  Assimilator  
  49  4:24  Probe x2  
  49  4:25  Charge  
  51  4:36  Probe x2  
  51  4:37  Pylon  
  53  4:48  Probe  
  53  4:50  Robotics Facility  
  54  4:53  Probe  
  54  4:57  Assimilator  
  53  5:00  Probe  
  53  5:05  Dark Templar  
  53  5:06  Dark Templar x2  
  60  5:12  Probe  
  61  5:15  Probe  
  61  5:20  Nexus  
  62  5:24  Probe  
  62  5:27  Pylon  
  55  5:39  Probe x2  
  55  5:42  Sentry x3  
  61  5:48  Immortal  
  67  5:51  Probe x2  
  67  5:55  Shield Battery  
  69  5:57  Shield Battery  
  69  6:05  Probe x2  
  69  6:06  Shield Battery  
  69  6:07  Zealot x3  
  77  6:12  Pylon  
  77  6:17  Gateway x2  
  77  6:22  Probe  
  78  6:29  Pylon  
  83  6:35  Templar Archives  
Show
View Real Time Build Order
Export as new Build Order

A.I. 1 (Medium) Zerg 

Build Orders: 1 Base Baneling Bust, Pool Only 

Get SALT Encoding   

  12  0:00  Drone  
  13  0:12  Overlord  
  13  0:16  Drone  
  14  0:31  Drone  
  14  0:33  Drone  
  16  0:42  Spawning Pool  
  15  0:45  Drone  
  15  0:49  Drone  
  17  0:53  Extractor  
  17  0:56  Drone  
  17  1:06  Overlord  
  17  1:30  Queen  
  17  1:31  Zergling x2  
  20  1:35  Roach Warren  
  20  1:38  Drone  
  20  1:41  Extractor  
  20  1:46  Zergling x2  
  20  1:49  Drone  
  21  2:00  Drone  
  22  2:10  Overlord  
  22  2:21  Roach  
  24  2:36  Roach  
  26  2:39  Overlord  
  26  2:50  Roach  
  28  2:57  Drone  
  29  3:00  Drone  
  29  3:04  Roach  
  32  3:09  Overlord  
  32  3:14  Drone  
  32  3:18  Drone  
  32  3:19  Roach  
  36  3:25  Drone  
  37  3:36  Roach, Baneling Nest  
  37  3:40  Evolution Chamber, Drone  
  38  3:43  Drone  
  38  3:46  Drone  
  40  3:50  Roach  
  42  4:05  Roach  
  44  4:48  Drone  
  44  4:52  Drone  
  44  4:57  Roach  
  43  5:11  Zergling x2  
  44  5:19  Drone  
  43  5:22  Drone, Queen  
  44  5:29  Roach  
  44  5:48  Drone  
  41  5:51  Zergling x2, Drone  
  37  5:57  Drone  
  30  6:08  Zergling x2  
  22  6:19  Drone  
  22  6:21  Spore Crawler  
  22  6:23  Spore Crawler  
Tags
 
Add a new tag
Caveats
  • Supply blocks, unpowered buildings, or Contaminate may cause inaccurate times.
  • Supply counts are checked every 10 seconds.